 Dungeon Crawl Stone Soup version 0.26-a0-200-g62faa89a7e (console) character file.

Game seed: 10415170552089503966

53 Garrluk the Stinger (level 3, 0/25 HPs)
             Began as a Vine Stalker Venom Mage on July 5, 2020.
             Succumbed to an adder's poison
             ... on level 2 of the Dungeon.
             The game lasted 00:06:52 (702 turns).

Garrluk the Stinger (Vine Stalker Venom Mage)        Turns: 702, Time: 00:06:52

Health: 0/25       AC: 21    Str: 10    XL:     3   Next: 89%
Magic:  1/7        EV:  2    Int: 16    God:
Gold:   81         SH:  0    Dex: 14    Spells: 5/6 levels left

rFire    . . .     SeeInvis .     - Unarmed
rCold    . . .     Faith    .   (no shield)
rNeg     + + +     Spirit   +   (armour currently unavailable)
rPois    +         Reflect  .   (helmet currently unavailable)
rElec    .         Harm     .   (cloak currently unavailable)
rCorr    .         NoTele   +   (gloves currently unavailable)
MR       .....                  (boots currently unavailable)
Stlth    ++........             (no amulet)
HPRegen  0.08/turn              (no ring)
MPRegen  0.10/turn              (no ring)

@: lethally poisoned (0 -> -4), tree-form, berserk cooldown, very slightly
contaminated, slowed, very slow
A: robust 1, magic shield, no potion heal 3, rot immunity
a: no special abilities


You were on level 2 of the Dungeon.
You were not hungry.
You were a tree.
You visited 1 branch of the dungeon, and saw 2 of its levels.

You collected 81 gold pieces.

Notes
Turn   | Place    | Note
-------+----------+-------------------------------------------
     0 | D:1      | Garrluk the Vine Stalker Venom Mage began the quest for the
                  | Orb.
     0 | D:1      | Reached XP level 1. HP: 9/9 MP: 4/4
    90 | D:1      | Reached skill level 1 in Unarmed Combat
   103 | D:1      | Reached XP level 2. HP: 8/13 MP: 3/6
   291 | D:1      | Reached XP level 3. HP: 11/16 MP: 2/7
   593 | D:2      | Found a blossoming altar of Fedhas.
   694 | D:2      | Gained mutation: You are partially covered in thin metallic
                  | scales. (AC +2) [potion of mutation]
   694 | D:2      | Gained mutation: Your system is resistant to poisons.
                  | (rPois) [potion of mutation]
   694 | D:2      | Gained mutation: You are robust. (+10% HP) [potion of
                  | mutation]
   699 | D:2      | HP: 1/25 [poisoned by an adder]
   702 | D:2      | Succumbed to an adder's poison

Inventory:

Armour
 a - a +0 robe (melded)
 i - a +0 cloak (melded)
   (You found it on level 1 of the Dungeon)
Jewellery
 j - an uncursed amulet of faith
   (You found it on level 2 of the Dungeon)
Scrolls
 b - a scroll of teleportation {unknown}
 f - 3 scrolls of magic mapping {unknown}
 g - 3 scrolls of remove curse {unknown}
Potions
 h - a potion of berserk rage
Comestibles
 c - 3 rations

Table legend:
 A = Turns spent in this place as a percentage of turns spent in the entire game.
 B = Non-inter-level travel turns spent in this place as a percentage of non-inter-level travel turns spent in the entire game.
 C = Inter-level travel turns spent in this place as a percentage of turns spent in this place.
 D = Turns resting spent in this place as a percentage of non-inter-level travel turns spent in this place.
 E = Turns spent auto-exploring this place as a percentage of non-inter-level travel turns spent in this place.
 F = Non-inter-level travel turns spent in this place divided by the number of levels of this place that you've seen.
                   A       B       C       D       E      F
               +-------+-------+-------+-------+-------+----------------------
         Total | 100.0 | 100.0 |   0.0 |   0.0 |   0.0 | 351.0
       Dungeon | 100.0 | 100.0 |   0.0 |   0.0 |   0.0 | 351.0
               +-------+-------+-------+-------+-------+----------------------


   Skills:
 - Level 1.5 Dodging
 - Level 2.4 Stealth
 * Level 2.7 Unarmed Combat
 - Level 2.1 Spellcasting
 + Level 2.1 Transmutations
 - Level 3.0 Poison Magic


You had 5 spell levels left.
You knew the following spells:

 Your Spells              Type           Power        Failure   Level  Hunger
a - Sting                 Tmut/Pois      #...         7%          1    #......

Your spell library contained the following spells:

 Spells                   Type           Power        Failure   Level  Hunger
 Poisonous Vapours        Pois/Air       #.....       17%         2    ###....
 Ignite Poison            Fire/Tmut/Pois #.......     30%         3    ###....
 Mephitic Cloud           Conj/Pois/Air  #.......     38%         3    ###....
 Olgreb's Toxic Radiance  Pois           ##......     52%         4    #####..


Dungeon Overview and Level Annotations

Branches:
Dungeon (2/15)

Altars:
Fedhas


Innate Abilities, Weirdness & Mutations

((You have extremely sharp teeth.))
When hurt, damage is shared between your health and your magic reserves.
((Your bite disrupts and absorbs the magic of your enemies.))
Potions cannot restore your health.
You are immune to rotting.
((You are partially covered in thin metallic scales. (AC +2)))
((Your system is resistant to poisons. (rPois)))
You are robust. (+10% HP)


Message History

You barely miss the adder.
The adder is almost dead.
You kill the adder!
It was a potion of mutation.
You feel extremely strange.
Thin metallic scales grow over part of your body.
You feel resistant to poisons.
You feel robust.
* * * LOW HITPOINT WARNING * * *
You feel sick.
It was a potion of berserk rage.
A red film seems to cover your vision as you go berserk!
You feel yourself moving faster!
You feel mighty!
You feel a strong urge to attack something.
* * * LOW HITPOINT WARNING * * *
You feel sick.
You feel your anger nearly subside.
You are no longer berserk.
You are exhausted.
You feel yourself slow down.
* * * LOW HITPOINT WARNING * * *
You feel sick.
You die...

.....#### ..†..# #+##
.....# #... .....#
#g..
....#######..#### ###
...####...#..#..##..#
###.....###..'......+
....##### #..##8..8##
...## #... ##..##
#.## #... #♣)# #.###
########..# #...##
##...<..#..#
..#..###..##.).#..#
......##.###...##'#
#........# #......#
##......## ########
#......# #.......#
#########


There were no monsters in sight!

Table legend:
 A = Kills in this place as a percentage of kills in entire the game.
 B = Kills by you in this place as a percentage of kills by you in the entire game.
 C = Kills by friends in this place as a percentage of kills by friends in the entire game.
 D = Other kills in this place as a percentage of other kills in the entire game.
 E = Experience gained in this place as a percentage of experience gained in the entire game.
 F = Experience gained in this place divided by the number of levels of this place that you have seen.
                   A       B       C       D       E      F
               +-------+-------+-------+-------+-------+----------------------
         Total | 100.0 | 100.0 |   N/A |   N/A | 100.0 |  38.5
       Dungeon | 100.0 | 100.0 |   N/A |   N/A | 100.0 |  38.5
               +-------+-------+-------+-------+-------+----------------------

Vanquished Creatures
  Monster Symbol All 'K'
  3 kobolds
3 creatures vanquished. All 'S' An adder (D:2) A ball python (D:1)
2 creatures vanquished. All 'b' 3 bats (D:1)
3 creatures vanquished. All 'g' 4 goblins (D:1) 8 hobgoblins
12 creatures vanquished. All 'h' 6 jackals (D:1)
6 creatures vanquished. All 'l' 3 leopard geckos (D:1)
3 creatures vanquished. All 'r' 4 rats
4 creatures vanquished. All 's' 2 giant cockroaches (D:1)
2 creatures vanquished.
35 creatures vanquished. Monster Nature Natural Monsters An adder (D:2) 3 leopard geckos (D:1) 3 bats (D:1) 2 giant cockroaches (D:1) 4 goblins (D:1) 8 hobgoblins 6 jackals (D:1) 3 kobolds A ball python (D:1) 4 rats
35 creatures vanquished.
35 creatures vanquished. Ascending Order An adder (D:2) A ball python (D:1) 2 giant cockroaches (D:1) 3 leopard geckos (D:1) 3 bats (D:1) 3 kobolds 4 goblins (D:1) 4 rats 6 jackals (D:1) 8 hobgoblins
35 creatures vanquished.

Action                   || total
-------------------------++-------
Melee: Unarmed           ||    45
       Bite              ||     9
 Cast: Sting             ||    36
  Use: Potion            ||     3
 Stab: Sleeping          ||     2
Armor: Robe              ||    13
       Skin              ||     2
Dodge: Dodged            ||    36
